 Dungeon Sprint DCSS version 0.29-a0-857-g9b1aa3ac5b (webtiles) character file.

Game seed: 16315298036386825003

9562 manyhoops the Wrestler (level 11, -15/130 HPs)
             Began as a Troll Berserker on July 16, 2022.
             Was the Champion of Trog.
             Shot with an arrow by a centaur warrior (22 damage)
             ... in the Dungeon (Sprint II: "The Violet Keep of Menkaure").
             The game lasted 00:05:16 (627 turns).

manyhoops the Wrestler (Troll Berserker)             Turns: 627, Time: 00:05:16

Health: -15/130    AC: 13    Str: 31    XL:     11   Next: 24%
Magic:  10/10      EV: 12    Int:  3    God:    Trog [******]
Gold:   734        SH:  0    Dex:  9    Spells: 10/10 levels left

rFire   x . .      SeeInvis .     - Unarmed
rCold   + + .      Faith    .   (no shield)
rNeg    . . .      Spirit   .   m - +0 ice dragon scales
rPois   .          Reflect  .   (helmet restricted)
rElec   .          Harm     .   c - +1 cloak of Starlight {*Dazzle EV+4 Stlth--}
rCorr   .          Rampage  .   (gloves unavailable)
Will    ++...      NoTele   +   (boots unavailable)
Stlth   ..........              (no amulet)
HPRegen 2.11/turn               (no ring)
MPRegen 0.12/turn               (no ring)

@: strong-willed, on berserk cooldown, regenerating, slowed, very slow
A: large, unfitting armour, claws 3, regeneration 1, shaggy fur 1, tough skin 1
a: Renounce Religion, Berserk, Trog's Hand, Brothers in Arms


You were in the Dungeon.
You worshipped Trog.
Trog was exalted by your worship.
You visited 1 branch You collected 1645 gold pieces.
You spent 911 gold pieces at shops.

Inventory:

Missiles
 t - a throwing net (quivered)
Armour
 a - a +0 animal skin
 c - the +1 cloak of Starlight (worn) {*Dazzle EV+4 Stlth--}
   (You bought it in a shop in the Dungeon)

   It may blind those who miss an attack against the wearer in melee combat.
   EV:        It affects your evasion (+4).
   Stlth:     It makes you much less stealthy.
 m - +0 ice dragon scales (worn)
Scrolls
 g - 2 scrolls of blinking
 i - 7 scrolls of identify
 j - a scroll of fog
 l - 2 scrolls of enchant armour
 o - a scroll of magic mapping
 p - a scroll of brand weapon
 q - a scroll of amnesia
 r - a scroll of fear
 s - a scroll of silence
Potions
 b - 2 potions of curing
 d - a potion of haste
 e - 5 potions of magic
 f - 3 potions of berserk rage
 h - 4 potions of resistance
 k - 2 potions of flight
 n - a potion of cancellation
 u - a potion of brilliance


   Skills:
 + Level 14.0 Fighting
 - Level 2.4 Dodging
 + Level 22.1 Unarmed Combat


You had 10 spell levels left.
You didn't know any spells.
Your spell library was empty.

Dungeon Overview and Level Annotations

Branches:
Dungeon (1/1)

Altars:
Cheibriados
Dithmenos
Elyvilon
Fedhas
Gozag
Hepliaklqana
Kikubaaqudgha
Makhleb
Nemelex Xobeh
Okawaru
Qazlal
Ru
Sif Muna
Trog
Uskayaw
Vehumet
Wu Jian
Xom
Yredelemnul
Zin
The Shining One
Jiyva
Lugonu

Shops:
D [::[[[=!?!:([=*

Annotations:
D exclusions: obsidian statue and oklob plant


Innate Abilities, Weirdness & Mutations

You are too large for most types of armour.
You have claws for hands.
Your natural rate of healing is unusually fast.
You are covered in fur. (AC +1)
You have tough skin. (AC +1)


Message History

You are no longer berserk.
You are exhausted.
You feel yourself slow down.
The centaur warrior hits you but does no damage.
The centaur warrior barely misses you.
You barely miss the kobold demonologist.
The centaur warrior hits you! The centaur warrior kicks you.
* * * LOW HITPOINT WARNING * * *
The kobold demonologist hits you with a +0 dagger.
* * * LOW HITPOINT WARNING * * *
The skeletal warrior hits you with a +0 hand axe!
* * * LOW HITPOINT WARNING * * *
The elephant tramples you but does no damage.
The elephant trunk-slaps you but does no damage.
Okay, then.
Really walk into a travel-excluded area? [Y]es or [N]o only, please.
Really walk into a travel-excluded area?
Okay, then.
Really walk into a travel-excluded area?
The centaur warrior attacks as you move away!
The centaur warrior closely misses you. The centaur warrior barely misses you.
The centaur warrior closely misses you.
The centaur warrior is blinded by the light from your cloak!
The centaur warrior closely misses you. The centaur warrior misses you.
The centaur warrior barely misses you.
You see here a +0 arbalest.
Blink to where?
Press: ? - help, Dir - move target
As you read the scroll of blinking, it crumbles to dust.
The centaur warrior wields a +0 longbow.
The centaur warrior shoots an arrow.
The arrow hits you!
* * * LOW HITPOINT WARNING * * *
Unknown command.
As you read the scroll of fog, it crumbles to dust.
The scroll dissolves into smoke.
The centaur warrior shoots an arrow.
The arrow hits you.
* * * LOW HITPOINT WARNING * * *
The centaur warrior shoots an arrow.
The arrow hits you!!
You die...

#+## ####+#### #$.+
##°..°○○°##
#.$###.°°.°○○○○## ▓
####c.○☼°§°§○§°°°○# +
#.Y.####○°§§§°§°°## #
#..z.#≈##°°@°§○.## #
###########≈≈#+++#§§'##
##########≈≈≈......☼..#
#∩.∩.....#≈≈≈≈.##+##☼.#
#.∩.∩....#≈≈≈≈###.###.####
+.##.
#..∩.∩...#≈≈≈≈#..#..#....#
...#
#...∩.∩..#≈≈####.#.####..##
#..#
#....∩.⌠.#≈##.###†###.##..#
+..#
#...∩.∩..#≈#..†##.##...#..#
#..#


You could see a centaur warrior (blind).

Vanquished Creatures
  2 sphinxes (D)
  A kraken (D)
  Kirke (D)
  A yaktaur captain (D)
  2 boulder beetles (D)
  2 deep trolls (D)
  A merfolk siren (D)
  An ice statue (D)
  A yaktaur (D)
  3 polar bears (D)
  A hornet (D)
  2 wyverns (D)
  Menkaure (D)
  4 water moccasins (D)
  4 necrophages (D)
  5 scorpions (D)
  4 tentacles (D)
36 creatures vanquished.

Vanquished Creatures (others)
  12 tentacles (D)
12 creatures vanquished.

Grand Total: 48 creatures vanquished

Notes
Turn   | Place    | Note
-------+----------+-------------------------------------------
     0 | D        | manyhoops the Troll Berserker began the quest for the Orb.
     0 | D        | Reached XP level 1. HP: 22/22 MP: 0/0
     1 | D        | Noticed a scorpion
     1 | D        | Noticed a scorpion
     1 | D        | Noticed a scorpion
     1 | D        | Noticed a scorpion
     5 | D        | Killed a scorpion
     6 | D        | Reached skill level 6 in Unarmed Combat
     6 | D        | Reached XP level 2. HP: 33/33 MP: 1/1
     6 | D        | Reached XP level 3. HP: 41/41 MP: 2/2
     7 | D        | Killed a scorpion
     8 | D        | Reached skill level 7 in Unarmed Combat
     8 | D        | Reached XP level 4. HP: 52/52 MP: 3/3
     9 | D        | Killed a scorpion
     9 | D        | Reached ** piety under Trog
    10 | D        | Reached skill level 8 in Unarmed Combat
    10 | D        | Reached XP level 5. HP: 61/61 MP: 4/4
    12 | D        | Reached skill level 9 in Unarmed Combat
    40 | D        | Reached XP level 6. HP: 72/72 MP: 5/5
    43 | D        | Reached skill level 10 in Unarmed Combat
    44 | D        | Reached *** piety under Trog
    52 | D        | Reached skill level 11 in Unarmed Combat
    64 | D        | Noticed a merfolk siren
    71 | D        | Killed a merfolk siren
    72 | D        | Reached skill level 12 in Unarmed Combat
    72 | D        | Reached XP level 7. HP: 84/84 MP: 6/6
    81 | D        | Noticed a boulder beetle
    81 | D        | Noticed a boulder beetle
    87 | D        | Killed a boulder beetle
    87 | D        | Reached **** piety under Trog
    88 | D        | Reached skill level 14 in Unarmed Combat
    88 | D        | Reached XP level 8. HP: 97/97 MP: 7/7
   101 | D        | Killed a boulder beetle
   102 | D        | Reached skill level 15 in Unarmed Combat
   102 | D        | Reached XP level 9. HP: 9/106 MP: 8/8
   122 | D        | Found Hibret Kume's Antique Weapon Boutique.
   122 | D        | Found Ona Xify's Jewellery Boutique.
   122 | D        | Found Vyssymit's Book Shop.
   123 | D        | Found Eruixavu's Assorted Antiques.
   123 | D        | Found Ynugg's Distillery.
   123 | D        | Found Jatuir's Magic Scroll Shop.
   123 | D        | Found Fawyadal's Distillery.
   124 | D        | Found Qoducof's Armour Shop.
   124 | D        | Found Faur's Jewellery Boutique.
   124 | D        | Found Reakhlath's Antique Armour Boutique.
   124 | D        | Found Pixkain's Antique Armour Shop.
   124 | D        | Noticed Menkaure
   126 | D        | Found Ixuir's Armour Boutique.
   126 | D        | Found Xiwaifi's Book Shop.
   126 | D        | Noticed an oklob plant
   127 | D        | Found Urazeugi's Antique Armour Boutique.
   127 | D        | Found Zautenoa's Book Shoppe.
   130 | D        | Bought the +1 cloak of Starlight {*Dazzle EV+4 Stlth--} for
                  | 671 gold pieces
   130 | D        | Found the +1 cloak of Starlight {*Dazzle EV+4 Stlth--}
   135 | D        | Killed Menkaure
   139 | D        | Noticed a polar bear
   139 | D        | Noticed a polar bear
   140 | D        | Bought a potion of resistance for 140 gold pieces
   146 | D        | Bought a scroll of identify for 20 gold pieces
   146 | D        | Bought a scroll of identify for 20 gold pieces
   146 | D        | Bought a scroll of identify for 20 gold pieces
   146 | D        | Bought a scroll of fog for 40 gold pieces
   173 | D        | Found a glowing silver altar of Zin.
   173 | D        | Found a radiant altar of Vehumet.
   174 | D        | Found a glowing golden altar of the Shining One.
   174 | D        | Found a basalt altar of Yredelemnul.
   174 | D        | Found a hide-covered altar of Uskayaw.
   175 | D        | Found a shimmering altar of Xom.
   175 | D        | Found a bloodstained altar of Trog.
   175 | D        | Found a burning altar of Makhleb.
   176 | D        | Found an ornate altar of the Wu Jian Council.
   176 | D        | Found a shimmering blue altar of Sif Muna.
   176 | D        | Found a corrupted altar of Lugonu.
   176 | D        | Found a sparkling altar of Nemelex Xobeh.
   176 | D        | Found a blossoming altar of Fedhas.
   181 | D        | Reached ***** piety under Trog
   182 | D        | Found a sacrificial altar of Ru.
   182 | D        | Found an ancient bone altar of Kikubaaqudgha.
   182 | D        | Found a white marble altar of Elyvilon.
   182 | D        | Found an iron altar of Okawaru.
   182 | D        | Found an opulent altar of Gozag.
   185 | D        | Found a stormy altar of Qazlal.
   185 | D        | Found a viscous altar of Jiyva.
   185 | D        | Found a shadowy altar of Dithmenos.
   186 | D        | Found a hazy altar of Hepliaklqana.
   186 | D        | Found a snail-covered altar of Cheibriados.
   196 | D        | Noticed a kraken
   208 | D        | Reached skill level 16 in Unarmed Combat
   377 | D        | Killed a kraken
   378 | D        | Reached skill level 17 in Unarmed Combat
   418 | D        | Noticed a deep troll
   418 | D        | Noticed a deep troll
   423 | D        | Killed a deep troll
   424 | D        | Reached skill level 18 in Unarmed Combat
   424 | D        | Reached XP level 10. HP: 118/118 MP: 9/9
   426 | D        | Killed a deep troll
   466 | D        | Noticed a sphinx
   466 | D        | Noticed a sphinx
   472 | D        | Killed a sphinx
   473 | D        | Reached skill level 19 in Unarmed Combat
   478 | D        | Killed a sphinx
   478 | D        | Received a gift from Trog
   479 | D        | Reached skill level 20 in Unarmed Combat
   521 | D        | Noticed an obsidian statue
   564 | D        | Reached skill level 21 in Unarmed Combat
   564 | D        | Reached XP level 11. HP: 128/128 MP: 10/10
   604 | D        | Noticed a centaur warrior
   604 | D        | Noticed Kirke
   605 | D        | Noticed a yaktaur captain
   608 | D        | Noticed a skeletal warrior
   609 | D        | Received a gift from Trog
   612 | D        | Noticed a lindwurm
   615 | D        | Killed Kirke
   619 | D        | Killed a yaktaur captain
   619 | D        | Reached ****** piety under Trog
   620 | D        | Reached skill level 22 in Unarmed Combat
   627 | D        | Shot with an arrow by a centaur warrior

Illustrated notes

Levels and vault maps discovered:
D:        the_violet_keep_of_menkaure [sprint2_stairs_cluster_1,
          sprint2_shoproom, sprint2_temple, sprint2_basic_supplies,
          sprint2_obstacle_1, sprint2_obstacle_3, sprint2_obstacle_2,
          sprint2_obstacle_7, sprint2_obstacle_6, sprint2_timed_cluster_1,
          sprint2_smallroom_cluster_1, sprint2_smallroom_final_cluster_1,
          sprint2_transparent_cluster_1, sprint2_second_timed_cluster_1,
          sprint2_sniper_area_1, sprint2_heavy_combat_area_1,
          sprint2_mutation_trap_area_1, sprint2_forest_area_1,
          sprint2_light_combat_area_1, sprint2_behind_water_1,
          sprint2_near_end_vault_1]

Skill      XL: |  1  2  3  4  5  6  7  8  9 10 11 |
---------------+----------------------------------+-----
Fighting       | 4 6 7 9 11 12 13 14 | 14.0
Unarmed Combat | 6 7 8 9 12 14 15 18 21 22 | 22.1
Dodging        | |  2.4

Action                   |  1- 3 |  4- 6 |  7- 9 | 10-12 || total
-------------------------+-------+-------+-------+-------++-------
Melee: Unarmed           |     4 |    20 |    48 |    42 ||   114
       Punch             |       |     2 |     3 |     4 ||     9
Invok: Berserk           |     1 |       |     3 |     3 ||     7
       Trog's Hand       |       |       |     3 |     1 ||     4
  Use: Potion            |       |       |     2 |       ||     2
       Scroll            |       |       |     9 |     2 ||    11
 Stab: Invisible         |       |       |     2 |     1 ||     3
Armor: Animal skin       |       |     1 |     7 |       ||     8
       Ice dragon scales |       |       |     3 |    17 ||    20
Dodge: Dodged            |     1 |     5 |    24 |    23 ||    53

Table legend: (Time is in decaauts)
 A = Elapsed time spent in this place.
 B = Non-inter-level travel time spent in this place.
 C = Inter-level travel time spent in this place.
 D = Time resting spent in this place.
 E = Time spent auto-exploring this place.
 F = Levels seen in this place.
 G = Mean time per level.
                   A        B        C        D        E       F      G
               +--------+--------+--------+--------+--------+-----+--------+
         Total |    701 |    701 |      0 |     51 |      0 |   1 |  701.0 |
       Dungeon |    701 |    701 |      0 |     51 |      0 |   1 |  701.0 |
               +--------+--------+--------+--------+--------+-----+--------+

Top non-repeatable levels by time:
       D: 701 daAuts
